 Dungeon Crawl Stone Soup version 0.30-a0-779-g7971cf19c3 (webtiles) character file.

Game seed: 10373873081736022146

479 Dittersdorf the Shield-Bearer (level 7, -3/44 HPs)
             Began as a Gargoyle Fighter on Feb 17, 2023.
             Slain by Edmund
             ... wielding a +0 dire flail of protection
              (7 damage)
             ... on level 4 of the Dungeon.
             The game lasted 00:03:46 (3539 turns).

Dittersdorf the Shield-Bearer (Gargoyle Fighter)    Turns: 3539, Time: 00:03:46

Health: -3/44      AC: 15    Str: 22    XL:     7   Next: 11%
Magic:  7/7        EV:  7    Int: 14    God:
Gold:   144        SH:  4    Dex:  9    Spells: 6/6 levels left

rFire   + . .      SeeInvis .    a - +0 flail
rCold   . . .      Faith    .    c - +0 buckler
rNeg    + . .      Spirit   .    u - +1 chain mail {rF+}
rPois   ∞          Reflect  .    (no helmet)
rElec   +          Harm     .    (no cloak)
rCorr   .          Rampage  .    (no gloves)
Will    .....                    (no boots) Stlth
                                 (no amulet)
HPRegen 0.27/turn                f - +6 ring of intelligence
MPRegen 0.10/turn                (no ring)

@: no status effects
A: sickness immunity, AC +4, negative energy resistance 1, electricity
resistance, torment resistance 1, petrification resistance
a: no special abilities


You were on level 4 of the Dungeon.
You visited 2 branches of the dungeon, and saw 5 of its levels.

You collected 144 gold pieces.

Inventory:

Hand Weapons
 a - a +0 flail (weapon)
Missiles
 g - 5 poisoned darts (quivered)
Armour
 c - a +0 buckler (worn)
 u - a +1 chain mail of fire resistance (worn)
Jewellery
 f - a +6 ring of intelligence (left hand)
Wands
 q - a wand of flame (21)
Scrolls
 b - 2 scrolls of poison {unknown}
 e - 3 scrolls of identify {unknown}
 h - a scroll of noise {unknown}
 i - a scroll of blinking {unknown}
 l - a scroll of butterflies {unknown}
 m - 2 scrolls of amnesia {unknown}
 p - 3 scrolls of teleportation {unknown}
Potions
 d - 2 potions of might
 j - a potion of brilliance {unknown}
 n - a potion of mutation {unknown}
 o - 2 potions of curing {unknown}
 r - a potion of ambrosia {unknown}
 s - a potion of magic {unknown}
 t - a potion of flight {unknown}


   Skills:
 + Level 5.1 Fighting
 + Level 4.0 Maces & Flails
 + Level 5.1 Armour
 + Level 5.1 Shields


You had 6 spell levels left.
You didn't know any spells.
Your spell library contained the following spells:

 Spells                   Type           Power      Damage    Failure   Level
 Gell's Gravitas          Tloc           0%         N/A       100%        3
 Kindle Blastsparks       Fire/Tloc/Air  0%         2d10      100%        3
 Ozocubu's Armour         Ice            0%         N/A       100%        3
 Teleport Other           Tloc           0%         N/A       100%        3
 Fulminant Prism          Conj/Hex       0%         3d5       100%        4
 Iskenderun's Mystic Bla  Conj/Tloc      0%         2d3       100%        4
 Lee's Rapid Deconstruct  Erth           0%         3d4*      100%        5
 Metabolic Englaciation   Hex/Ice        0%         N/A       100%        5
 Dispersal                Tloc           0%         N/A       100%        6
 Simulacrum               Ice/Necr       0%         N/A       100%        6
 Ozocubu's Refrigeration  Ice            0%         4d7       100%        7


Dungeon Overview and Level Annotations

Branches:
Dungeon (4/15)             Temple (1/1) D:4

Altars:
Ashenzari
Cheibriados
Dithmenos
Elyvilon
Fedhas
Gozag
Hepliaklqana
Kikubaaqudgha
Makhleb
Trog
Uskayaw
Vehumet
Xom
Yredelemnul
The Shining One

Annotations:
D:4 Edmund


Innate Abilities, Weirdness & Mutations

You are immune to sickness and miasma.
Your stone body is resilient. (AC +4)
You are immune to poison.
You resist negative energy. (rN+)
You are resistant to electric shocks. (rElec)
You are resistant to unholy torment.
You are immune to petrification.


Message History

You are too injured to fight recklessly!
You are too injured to fight recklessly!
You are too injured to fight recklessly!
You are too injured to fight recklessly!
You are too injured to fight recklessly!
You are too injured to fight recklessly!
You are too injured to fight recklessly!
You are too injured to fight recklessly!
You are too injured to fight recklessly!
You are too injured to fight recklessly!
You are too injured to fight recklessly!
Throw: 8 darts (poison)
Press: ? - help, Q - select action, (/) - cycle Shift-Dir - straight line, f - Edmund
Aim: Edmund, wielding a +0 dire flail of protection and wearing a +0 leather armour (lightly wounded, 56% to hit)
You throw a poisoned dart. The poisoned dart hits Edmund.
Edmund is poisoned.
Edmund is lightly wounded.
Edmund hits you but does no damage.
Throw: 7 darts (poison)
Press: ? - help, Q - select action, (/) - cycle Shift-Dir - straight line, f/p - Edmund
Aim: Edmund, wielding a +0 dire flail of protection and wearing a +0 leather armour (moderately wounded, poisoned, 56% to hit)
You throw a poisoned dart.
The poisoned dart closely misses Edmund.
Edmund hits you with a +0 dire flail of protection.
Throw: 6 darts (poison)
Press: ? - help, Q - select action, (/) - cycle Shift-Dir - straight line, f/p - Edmund
Aim: Edmund, wielding a +0 dire flail of protection and wearing a +0 leather armour (moderately wounded, poisoned, 56% to hit)
You throw a poisoned dart. The poisoned dart hits Edmund.
Edmund is moderately wounded.
Edmund hits you with a +0 dire flail of protection.
* * * LOW HITPOINT WARNING * * *
You block Edmund's attack.
You hit Edmund but do no damage.
Edmund is moderately wounded.
Edmund looks more healthy.
Edmund hits you with a +0 dire flail of protection!
* * * LOW HITPOINT WARNING * * *
You hit Edmund but do no damage.
Edmund is moderately wounded.
Edmund hits you with a +0 dire flail of protection!
You die...

#.#.... #..# #.###
#.#...# #..# #.# #
#.#...# #..####.###
#.#...# #...<......
#.#...# #..####..##
##.....# .#.## #..##
#......#..#.## #..##
#..#......#..## #..##
#..#@@##..#...###..##
#..#†.[# #....#.....
#..#..## #.##.#.....
#..#.## #.##.......
#[.#.. #.##.#.....
#..#..#####.##.#.....
#..#..#P.P..##.######
#..####.P...##.#
#...........##.#


You could see Edmund.

Vanquished Creatures
  A black bear (D:4)
  A necrophage (D:4)
  A scorpion (D:4)
  A vampire bat (D:3)
  2 hounds (D:4)
  Natasha (D:4)
  An orc wizard (D:4)
  4 adders
  A white imp (D:4)
  A worm (D:2)
  4 dart slugs
  9 orcs
  4 ball pythons
  5 endoplasms
  3 giant cockroaches
  8 goblins
  3 hobgoblins
  4 jackals (D:1)
  3 kobolds
  10 bats
  2 frilled lizards
  4 rats
73 creatures vanquished.

Vanquished Creatures (others)
  2 demonic plants (D:1)
2 creatures vanquished.

Grand Total: 75 creatures vanquished

Notes
Turn   | Place    | Note
-------+----------+-------------------------------------------
     0 | D:1      | Dittersdorf the Gargoyle Fighter began the quest for the
                  | Orb.
     0 | D:1      | Reached XP level 1. HP: 14/14 MP: 1/1
   303 | D:1      | Reached XP level 2. HP: 14/19 MP: 2/2
   496 | D:1      | Found a faded altar of an unknown god.
   837 | D:1      | Reached XP level 3. HP: 23/23 MP: 3/3
  1751 | D:3      | Reached XP level 4. HP: 14/29 MP: 4/4
  1988 | D:3      | Found a glowing golden altar of the Shining One.
  2081 | D:3      | Identified the +5 hand axe "Hudgh" {freeze, rF+}
  2133 | D:3      | Found the +7 staff of the Meek {protect, meekguard}
  2146 | D:3      | Found a shadowy altar of Dithmenos.
  2404 | D:3      | Reached XP level 5. HP: 27/33 MP: 5/5
  2774 | D:4      | Noticed a black bear
  2785 | D:4      | Killed a black bear
  2786 | D:4      | Reached XP level 6. HP: 38/39 MP: 6/6
  2801 | D:4      | Found a staircase to the Ecumenical Temple.
  2811 | Temple   | Entered the Ecumenical Temple
  3385 | D:4      | Reached skill level 5 in Fighting
  3385 | D:4      | Reached skill level 5 in Armour
  3385 | D:4      | Reached skill level 5 in Shields
  3385 | D:4      | Reached XP level 7. HP: 43/44 MP: 7/7
  3524 | D:4      | Noticed Natasha
  3526 | D:4      | Noticed Edmund
  3529 | D:4      | Killed Natasha
  3539 | D:4      | Slain by Edmund

Illustrated notes

Levels and vault maps discovered:
D:1:      dpeg_arrival_arbitrary_a, layout_loops_corners,
          shapermc_ecumenical_altar_gd
D:2:      layout_loops_ring
D:3:      layout_loops_cross, grunt_dithmenos_smoke_and_mirrors,
          nicolae_overflow_hidden_temple, roderic_batcave, grunt_ministairs_6
D:4:      layout_loops_ring, minmay_temple_entry_junction_2,
          sigmund_edmund_badplayer, uniq_natasha
Temple:   compressed_dpeg_triangle_lava_temple

Skill      XL: |  1  2  3  4  5  6 |
---------------+-------------------+-----
Shields        | 4 5 |  5.1
Fighting       | 4 5 |  5.1
Armour         | 4 5 |  5.1
Maces & Flails | 3 4 |  4.0

Action                     |  1- 3 |  4- 6 |  7- 9 || total
---------------------------+-------+-------+-------++-------
  Melee: Flail             |   152 |   160 |    13 ||   325
  Throw: Dart              |       |     4 |     3 ||     7
 Armour: Scale mail        |    56 |       |       ||    56
         Ring mail         |    41 |   119 |     1 ||   161
         Chain mail        |       |       |     6 ||     6
  Dodge: Dodged            |    98 |    93 |     1 ||   192
  Block: Buckler           |    40 |    34 |     1 ||    75

Table legend: (Time is in decaauts)
 A = Elapsed time spent in this place.
 B = Non-inter-level travel time spent in this place.
 C = Inter-level travel time spent in this place.
 D = Time resting spent in this place.
 E = Time spent auto-exploring this place.
 F = Levels seen in this place.
 G = Mean time per level.
                   A        B        C        D        E       F      G
               +--------+--------+--------+--------+--------+-----+--------+
         Total |   3636 |   3479 |    157 |    141 |   2564 |   5 |  727.2 |
       Dungeon |   3418 |   3261 |    157 |    141 |   2359 |   4 |  854.5 |
        Temple |    217 |    217 |      0 |      0 |    205 |   1 |  217.0 |
               +--------+--------+--------+--------+--------+-----+--------+

Top non-repeatable levels by time:
     D:1: 1032 daAuts
     D:3: 895 daAuts
     D:2: 758 daAuts
     D:4: 731 daAuts
  Temple: 217 daAuts
